[ AOE2 MATCH · #506449364 ]
UnrankedVikings vs Ethiopians
Player's team · LOSS
[ REPLAY ANALYSIS · EXTRACTED FROM THE RECORDED GAME ]
Feudal
9:43
Castle
19:30
Imperial
37:15
| APM avg | 60.7 |
| APM peak | 105 |
| eAPM avg | 26.8 |
| Villagers / military | 131 / 123 |
Focus
⚔️ 33.1% · 🌾 66.9%
Skirmisher ×76 · Petard ×10 · Scout Cavalry ×8 · Monk ×5 · Knight ×5 · Mangonel ×5
Feudal
10:55
Castle
19:51
Imperial
37:21
| APM avg | 128.8 |
| APM peak | 244 |
| eAPM avg | 81.6 |
| Villagers / military | 112 / 112 |
Focus
⚔️ 77.1% · 🌾 22.9%
Archer ×58 · Knight ×13 · Petard ×8 · Mangonel ×7 · Monk ×6 · Battering Ram ×6
Match map
Initial resources + every placement click. Lines = walls · curves = elevation contours. ◆ gold · ⬟ stone · ● berries · ✦ relic · ◌ wall gap
Your base· Open — 5t gap
DS_StonePleaseAoE's base· Open — 5t gap
Smoothed initial terrain · ◌ = detected wall gap · hover for details
Inputs per minute
— OS+ | Emil :D - - DS_StonePleaseAoE
Build order — OS+ | Emil :D
First 150 of 368 actions detected
| 0:00 | Create | Villager (Male) |
| 0:01 | Create | Villager (Male) |
| 0:01 | Build | House |
| 0:02 | Build | House |
| 0:09 | Create | Villager (Male) |
| 0:09 | Create | Villager (Male) |
| 1:31 | Create | Villager (Male) |
| 1:31 | Create | Villager (Male) |
| 1:54 | Build | Lumber Camp |
| 1:58 | Create | Villager (Male) |
| 2:15 | Create | Villager (Male) |
| 2:46 | Create | Villager (Male) |
| 3:13 | Create | Villager (Male) |
| 3:35 | Create | Villager (Male) |
| 3:59 | Create | Villager (Male) |
| 4:16 | Build | House |
| 4:20 | Create | Villager (Male) |
| 4:51 | Build | Mill |
| 4:54 | Create | Villager (Male) |
| 5:22 | Create | Villager (Male) |
| 5:23 | Create | Villager (Male) |
| 5:23 | Create | Villager (Male) |
| 5:31 | Create | Villager (Male) |
| 5:36 | Create | Villager (Male) |
| 5:36 | Create | Villager (Male) |
| 5:38 | Build | House |
| 5:43 | Build | House |
| 6:01 | Create | Villager (Male) |
| 6:01 | Create | Villager (Male) |
| 6:17 | Create | Villager (Male) |
| 6:17 | Create | Villager (Male) |
| 6:51 | Create | Villager (Male) |
| 7:08 | Research | Loom |
| 7:13 | Build | Barracks |
| 7:13 | Build | House |
| 7:23 | Research | Feudal Age |
| 7:32 | Build | Palisade Wall |
| 7:33 | Build | Palisade Wall |
| 8:47 | Build | Palisade Wall |
| 8:52 | Build | Palisade Wall |
| 8:52 | Build | Palisade Wall |
| 8:57 | Build | Palisade Wall |
| 9:01 | Create | Villager (Male) |
| 9:43 | Age | Feudal Age |
| 9:49 | Create | Villager (Male) |
| 9:53 | Build | Stable |
| 9:58 | Create | Spearman |
| 10:05 | Research | Double-Bit Axe |
| 10:05 | Research | Double-Bit Axe |
| 10:06 | Create | Villager (Male) |
| 10:17 | Create | Villager (Male) |
| 10:28 | Build | Farm |
| 10:30 | Build | Farm |
| 10:35 | Create | Scout Cavalry |
| 10:35 | Create | Scout Cavalry |
| 10:39 | Create | Villager (Male) |
| 10:47 | Build | House |
| 11:03 | Create | Scout Cavalry |
| 11:07 | Create | Villager (Male) |
| 11:13 | Create | Spearman |
| 11:13 | Create | Spearman |
| 11:27 | Create | Villager (Male) |
| 11:50 | Build | Farm |
| 11:51 | Build | Farm |
| 11:52 | Build | Farm |
| 11:53 | Create | Villager (Male) |
| 11:55 | Create | Scout Cavalry |
| 12:13 | Create | Scout Cavalry |
| 12:14 | Create | Villager (Male) |
| 12:17 | Build | Farm |
| 12:39 | Research | Town Watch |
| 12:41 | Build | House |
| 12:53 | Build | Farm |
| 12:55 | Build | Farm |
| 13:03 | Build | Farm |
| 13:05 | Create | Villager (Male) |
| 13:06 | Build | Mining Camp |
| 13:13 | Create | Scout Cavalry |
| 13:25 | Create | Villager (Male) |
| 13:27 | Build | Watch Tower |
| 13:35 | Build | House |
| 13:35 | Build | House |
| 13:36 | Build | House |
| 13:37 | Build | Palisade Wall |
| 13:47 | Create | Villager (Male) |
| 14:12 | Create | Villager (Male) |
| 14:35 | Create | Scout Cavalry |
| 14:36 | Create | Villager (Male) |
| 14:41 | Build | Blacksmith |
| 14:43 | Create | Scout Cavalry |
| 14:45 | Create | Villager (Male) |
| 14:55 | Create | Villager (Male) |
| 14:57 | Build | House |
| 15:19 | Build | Farm |
| 15:27 | Create | Villager (Male) |
| 15:34 | Create | Villager (Male) |
| 15:37 | Build | Archery Range |
| 15:59 | Build | Farm |
| 16:03 | Build | Farm |
| 16:26 | Build | Archery Range |
| 16:49 | Research | Castle Age |
| 16:54 | Build | Lumber Camp |
| 17:00 | Create | Skirmisher |
| 17:01 | Create | Skirmisher |
| 17:14 | Create | Skirmisher |
| 17:22 | Create | Skirmisher |
| 17:35 | Research | Fletching |
| 17:46 | Create | Skirmisher |
| 17:48 | Create | Villager (Male) |
| 18:17 | Create | Skirmisher |
| 18:17 | Create | Skirmisher |
| 18:30 | Research | Padded Archer Armor |
| 18:30 | Research | Padded Archer Armor |
| 18:36 | Build | House |
| 18:37 | Build | House |
| 18:47 | Create | Villager (Male) |
| 19:03 | Build | Farm |
| 19:03 | Build | Farm |
| 19:05 | Research | Horse Collar |
| 19:06 | Create | Skirmisher |
| 19:07 | Create | Skirmisher |
| 19:07 | Create | Skirmisher |
| 19:30 | Age | Castle Age |
| 19:34 | Research | Elite Skirmisher (upgrade) |
| 19:49 | Create | Villager (Male) |
| 20:08 | Research | Bodkin Arrow |
| 20:08 | Research | Bodkin Arrow |
| 20:12 | Create | Villager (Male) |
| 20:29 | Create | Villager (Male) |
| 20:48 | Create | Villager (Male) |
| 20:52 | Build | Siege Workshop |
| 20:59 | Build | University |
| 21:19 | Create | Villager (Male) |
| 21:39 | Create | Skirmisher |
| 21:43 | Create | Villager (Male) |
| 21:45 | Create | Knight |
| 21:45 | Create | Knight |
| 21:50 | Create | Villager (Male) |
| 22:09 | Create | Skirmisher |
| 22:10 | Create | Skirmisher |
| 22:10 | Create | Villager (Male) |
| 22:14 | Research | Ballistics |
| 22:23 | Build | House |
| 22:42 | Create | Skirmisher |
| 22:43 | Create | Villager (Male) |
| 22:45 | Create | Skirmisher |
| 22:45 | Create | Skirmisher |
| 22:47 | Build | Mining Camp |
| 22:50 | Create | Knight |
| 22:57 | Research | Scale Barding Armor |
Build order — DS_StonePleaseAoE
First 150 of 375 actions detected
| 0:00 | Create | Villager (Male) |
| 0:00 | Create | Villager (Male) |
| 0:00 | Create | Villager (Male) |
| 0:01 | Create | Villager (Male) |
| 0:02 | Build | House |
| 0:05 | Build | House |
| 1:13 | Create | Villager (Male) |
| 1:52 | Create | Villager (Male) |
| 2:24 | Create | Villager (Male) |
| 2:37 | Build | House |
| 2:45 | Create | Villager (Male) |
| 3:00 | Build | Lumber Camp |
| 3:15 | Create | Villager (Male) |
| 3:15 | Create | Villager (Male) |
| 3:20 | Build | Palisade Wall |
| 3:35 | Create | Villager (Male) |
| 4:19 | Create | Villager (Male) |
| 4:45 | Create | Villager (Male) |
| 5:02 | Create | Villager (Male) |
| 5:21 | Build | Barracks |
| 5:36 | Build | Palisade Wall |
| 5:39 | Build | House |
| 5:44 | Create | Villager (Male) |
| 6:02 | Build | Palisade Wall |
| 6:10 | Create | Villager (Male) |
| 6:10 | Create | Villager (Male) |
| 6:14 | Create | Militia |
| 6:14 | Create | Militia |
| 6:26 | Create | Villager (Male) |
| 6:35 | Build | Palisade Wall |
| 6:52 | Create | Militia |
| 6:56 | Create | Villager (Male) |
| 7:02 | Build | Mill |
| 7:05 | Build | Palisade Wall |
| 7:22 | Research | Loom |
| 7:24 | Build | House |
| 7:43 | Build | Palisade Wall |
| 7:54 | Create | Villager (Male) |
| 7:59 | Build | Palisade Wall |
| 8:00 | Build | Palisade Wall |
| 8:01 | Build | Palisade Wall |
| 8:19 | Create | Villager (Male) |
| 8:42 | Research | Feudal Age |
| 9:28 | Build | Palisade Wall |
| 9:56 | Build | Mining Camp |
| 10:30 | Build | House |
| 10:37 | Build | Farm |
| 10:40 | Build | Farm |
| 10:55 | Age | Feudal Age |
| 10:59 | Create | Villager (Male) |
| 11:00 | Build | Archery Range |
| 11:05 | Research | Man-at-Arms (upgrade) |
| 11:08 | Build | House |
| 11:09 | Research | Double-Bit Axe |
| 11:13 | Create | Villager (Male) |
| 11:20 | Create | Spearman |
| 11:41 | Create | Villager (Male) |
| 11:50 | Build | Farm |
| 11:54 | Create | Archer |
| 11:54 | Create | Archer |
| 11:55 | Create | Villager (Male) |
| 11:56 | Create | Spearman |
| 12:04 | Build | Farm |
| 12:04 | Build | Farm |
| 12:12 | Build | Farm |
| 12:13 | Create | Villager (Male) |
| 12:29 | Create | Villager (Male) |
| 12:32 | Create | Archer |
| 12:40 | Build | Farm |
| 12:48 | Build | Farm |
| 12:54 | Create | Villager (Male) |
| 13:07 | Build | Palisade Wall |
| 13:10 | Build | Blacksmith |
| 13:21 | Create | Villager (Male) |
| 13:22 | Build | Farm |
| 13:28 | Create | Archer |
| 13:41 | Build | House |
| 13:44 | Create | Villager (Male) |
| 13:56 | Research | Fletching |
| 13:56 | Research | Fletching |
| 14:03 | Create | Spearman |
| 14:05 | Create | Villager (Male) |
| 14:13 | Create | Villager (Male) |
| 14:26 | Build | Palisade Gate |
| 14:33 | Create | Villager (Male) |
| 14:44 | Create | Villager (Male) |
| 14:46 | Build | Farm |
| 14:48 | Build | Farm |
| 14:54 | Create | Archer |
| 15:07 | Create | Villager (Male) |
| 15:18 | Create | Villager (Male) |
| 15:19 | Build | Farm |
| 15:22 | Build | Farm |
| 15:29 | Create | Archer |
| 15:38 | Create | Villager (Male) |
| 15:51 | Build | Farm |
| 15:53 | Create | Villager (Male) |
| 16:09 | Create | Archer |
| 16:23 | Build | House |
| 16:24 | Build | Palisade Wall |
| 16:27 | Build | Palisade Gate |
| 16:30 | Build | House |
| 16:57 | Build | Lumber Camp |
| 17:11 | Research | Castle Age |
| 17:19 | Build | Farm |
| 17:54 | Create | Archer |
| 17:57 | Research | Gold Mining |
| 18:05 | Research | Horse Collar |
| 18:05 | Research | Horse Collar |
| 18:07 | Create | Archer |
| 18:34 | Create | Archer |
| 18:38 | Create | Villager (Male) |
| 19:08 | Create | Archer |
| 19:41 | Create | Villager (Male) |
| 19:43 | Build | Stable |
| 19:51 | Age | Castle Age |
| 19:59 | Research | Crossbowman (upgrade) |
| 19:59 | Research | Crossbowman (upgrade) |
| 19:59 | Research | Crossbowman (upgrade) |
| 20:00 | Research | Bodkin Arrow |
| 20:02 | Create | Villager (Male) |
| 20:07 | Build | Town Center |
| 20:16 | Build | Siege Workshop |
| 20:20 | Research | Scale Barding Armor |
| 20:33 | Create | Archer |
| 20:33 | Create | Villager (Male) |
| 20:37 | Build | Lumber Camp |
| 20:55 | Create | Villager (Male) |
| 21:00 | Create | Knight |
| 21:11 | Create | Mangonel |
| 21:20 | Create | Villager (Male) |
| 21:29 | Create | Villager (Male) |
| 21:40 | Build | Farm |
| 21:41 | Build | Farm |
| 21:42 | Create | Villager (Male) |
| 21:43 | Build | Farm |
| 21:44 | Create | Archer |
| 21:44 | Create | Archer |
| 21:50 | Create | Knight |
| 21:52 | Build | Farm |
| 22:03 | Create | Villager (Male) |
| 22:17 | Create | Villager (Male) |
| 22:25 | Build | Farm |
| 22:25 | Build | Farm |
| 22:25 | Build | Farm |
| 22:25 | Build | Farm |
| 22:26 | Build | Farm |
| 22:45 | Create | Knight |
| 22:51 | Create | Villager (Male) |
| 22:56 | Build | Farm |
Match timeline
| 3:20 | DS_StonePleaseAoE · wall_segment Palisade Wall x1 |
| 5:21 | DS_StonePleaseAoE · first_building Barracks |
| 5:36 | DS_StonePleaseAoE · wall_segment Palisade Wall x1 |
| 6:02 | DS_StonePleaseAoE · wall_segment Palisade Wall x16 |
| 6:35 | DS_StonePleaseAoE · wall_segment Palisade Wall x3 |
| 7:05 | DS_StonePleaseAoE · wall_segment Palisade Wall x3 |
| 7:13 | OS+ | Emil :D · first_building Barracks |
| 7:32 | OS+ | Emil :D · wall_segment Palisade Wall x1 |
| 7:33 | OS+ | Emil :D · wall_segment Palisade Wall x3 |
| 7:43 | DS_StonePleaseAoE · wall_segment Palisade Wall x7 |
| 7:59 | DS_StonePleaseAoE · wall_segment Palisade Wall x6 |
| 8:00 | DS_StonePleaseAoE · wall_segment Palisade Wall x1 |
| 8:01 | DS_StonePleaseAoE · wall_segment Palisade Wall x1 |
| 8:47 | OS+ | Emil :D · wall_segment Palisade Wall x2 |
| 8:52 | OS+ | Emil :D · wall_segment Palisade Wall x1 |
| 8:52 | OS+ | Emil :D · wall_segment Palisade Wall x3 |
| 8:57 | OS+ | Emil :D · wall_segment Palisade Wall x5 |
| 9:28 | DS_StonePleaseAoE · wall_segment Palisade Wall x4 |
| 9:43 | OS+ | Emil :D · age_up feudal |
| 9:53 | OS+ | Emil :D · first_building Stable |
| 10:55 | DS_StonePleaseAoE · age_up feudal |
| 11:00 | DS_StonePleaseAoE · first_building Archery Range |
| 13:07 | DS_StonePleaseAoE · wall_segment Palisade Wall x1 |
| 13:37 | OS+ | Emil :D · wall_segment Palisade Wall x1 |
| 15:37 | OS+ | Emil :D · first_building Archery Range |
| 16:24 | DS_StonePleaseAoE · wall_segment Palisade Wall x1 |
| 19:30 | OS+ | Emil :D · age_up castle |
| 19:43 | DS_StonePleaseAoE · first_building Stable |
| 19:51 | DS_StonePleaseAoE · age_up castle |
| 20:16 | DS_StonePleaseAoE · first_building Siege Workshop |
| 20:52 | OS+ | Emil :D · first_building Siege Workshop |
| 24:35 | OS+ | Emil :D · first_building Monastery |
| 25:33 | DS_StonePleaseAoE · first_market_sell 100 food |
| 26:14 | DS_StonePleaseAoE · wall_segment Palisade Wall x1 |
| 26:46 | DS_StonePleaseAoE · first_building Monastery |
| 31:58 | DS_StonePleaseAoE · first_market_buy 100 stone |
| 32:03 | DS_StonePleaseAoE · first_building Castle |
| 32:08 | OS+ | Emil :D · first_building Castle |
| 34:02 | OS+ | Emil :D · first_market_sell 100 wood |
| 34:29 | OS+ | Emil :D · first_market_buy 100 wood |
| 37:14 | DS_StonePleaseAoE · wall_segment Stone Wall x13 |
| 37:15 | OS+ | Emil :D · age_up imperial |
| 37:17 | DS_StonePleaseAoE · wall_segment Stone Wall x1 |
| 37:21 | DS_StonePleaseAoE · age_up imperial |
| 40:59 | OS+ | Emil :D · resign |
[ AI ANALYSIS · 1 CREDIT ]
What really happened in this match?
Wolo.gg analyzes every decision: build order, eco, micro, common mistakes by bracket. Personalized analysis on WhatsApp or Discord in 30 seconds.
Civ guide
Vikings
Perfil
Jugador #862991